 Dungeon Crawl Stone Soup version 0.18-a0-1426-g3b9a63c (webtiles) character file.

1628 namelastname112 the Martial Artist (level 8, -8/53 HPs)
             Began as a Purple Draconian Transmuter on Feb 27, 2016.
             Was an Initiate of Cheibriados.
             Mangled by an orc warrior
             ... wielding a +0 war axe
              (14 damage)
             ... on level 6 of the Dungeon.
             The game lasted 00:09:38 (5034 turns).

namelastname112 the Martial Artist (DrTm)           Turns: 5034, Time: 00:09:38

Health: -8/53      AC: 11    Str: 16    XL:     8   Next: 65%
Magic:  7/11       EV: 12    Int: 14    God:    Cheibriados [......]
Gold:   348        SH:  0    Dex: 15    Spells: 2 memorised, 8 levels left

rFire  . . .     SeeInvis .       - Unarmed
rCold  . . .     Gourm    .     (armour unavailable)
rNeg   + . .     Faith    .     (no shield)
rPois  .         Spirit   .     i - +1 hat
rElec  .         Dismiss  .     (no cloak)
rCorr  .         Reflect  .     o - +2 pair of gloves
SustAt .         Harm     .     q - +0 pair of boots
MR     ++...                    j - amulet of regeneration
Stlth  ..........               A - ring of loudness (curse)
                                g - ring of positive energy

@: appendage, very slow, very resistant to hostile enchantments, extremely
unstealthy
A: breathe power, unfitting armour, hooves 1, horns 2, blurry vision 1, frail 1,
magic resistance 1, strong 1, cold-blooded, AC +6
a: Breathe Dispelling Energy, End Transformation, Bend Time, Renounce Religion


You were on level 6 of the Dungeon.
You worshipped Cheibriados.
Cheibriados was noncommittal.
You were not hungry.
You had grown temporary horns.
You visited 2 branches of the dungeon, and saw 7 of its levels.
You also visited: Sewer.

You collected 348 gold pieces.

Inventory:

Missiles
 a - 74 arrows
Armour
 i - a +1 hat (worn)
 o - a +2 pair of gloves (worn)
 q - a +0 pair of boots (worn)
Jewellery
 g - a ring of positive energy (left hand)
 j - an amulet of regeneration (around neck)
 A - a cursed ring of loudness (right hand)
Wands
 h - a wand of disintegration (11/24)
 p - a wand of confusion (27/48)
 u - a wand of teleportation (4/9)
Scrolls
 d - a scroll of enchant weapon {unknown}
 e - a scroll of immolation {unknown}
 f - 4 scrolls of identify {unknown}
 k - 2 scrolls of blinking {unknown}
 l - 5 scrolls of teleportation {unknown}
 m - 2 scrolls of remove curse {unknown}
 r - 2 scrolls of fear {unknown}
 s - a scroll of fog {unknown}
 t - 2 scrolls of magic mapping {unknown}
 v - a scroll of random uselessness {unknown}
 y - a scroll of amnesia {unknown}
 C - a scroll of recharging {unknown}
Potions
 w - a potion of mutation {unknown}
 x - 2 potions of flight {unknown}
 D - a potion of degeneration {unknown}
 E - a potion of might {unknown}
Books
 b - a book of Changes

   Spells                             Type                      Level
   a - Beastly Appendage              Transmutation                1
   b - Sticks to Snakes               Transmutation                2
   c - Spider Form                    Transmutation/Poison         3
   d - Ice Form                       Ice/Transmutation            4
   e - Blade Hands                    Transmutation                5
 n - a book of Spatial Translocations

   Spells                             Type                      Level
   a - Apportation                    Translocation                1
   b - Blink                          Translocation                2
   c - Shroud of Golubria             Charms/Translocation         2
   d - Portal Projectile              Translocation                3
   e - Teleport Other                 Translocation                3
   f - Passage of Golubria            Translocation                4
Comestibles
 c - 5 bread rations
 z - 2 chunks of flesh
 B - 5 fruits


   Skills:
 - Level 1.1 Fighting
 - Level 1.7 Dodging
 + Level 10.6 Unarmed Combat
 - Level 2.4 Spellcasting
 - Level 4.4 Transmutations


You had 8 spell levels left.
You knew the following spells:

 Your Spells              Type           Power        Failure   Level  Hunger
a - Beastly Appendage     Trmt           ##....       3%          1    #......
x - Sticks to Snakes      Trmt           ##......     6%          2    ###....


Dungeon Overview and Level Annotations

Branches:
Dungeon (6/15)             Temple (1/1) D:6

Altars:
Cheibriados
Dithmenos
Fedhas
Okawaru
Qazlal
Ru
Sif Muna
Trog
Yredelemnul
Zin
The Shining One


Innate Abilities, Weirdness & Mutations

You can breathe bolts of dispelling energy.
Your rich purple scales are hard (AC +6).
Your body does not fit into most forms of armour.
You are cold-blooded and may be slowed by cold attacks.
You have large cloven feet.
You have a pair of horns on your head.
Scrolls take you a little longer to read.
You are frail (-10% HP).
You are resistant to hostile enchantments.
Your muscles are strong. (Str +2)


Message History

The orc warrior is lightly wounded.
The orc warrior closely misses you.
You closely miss the orc warrior. You headbutt the orc warrior.
You tail-slap the orc warrior, but do no damage.
The orc warrior is moderately wounded.
Your ball python closely misses the orc warrior.
Your ball python misses the orc warrior.
The orc warrior hits you with a war axe!!
* * * LOW HITPOINT WARNING * * *
The orc warrior hits your ball python with a war axe!
Your ball python dies!
You punch the orc warrior! Your headbutt misses the orc warrior.
You tail-slap the orc warrior.
You punch the orc warrior, but do no damage.
The orc warrior is heavily wounded.
Casting: Sticks to Snakes
Confirm with . or Enter, or press ? or * to list all spells.
You create a snake!
You now have 74 arrows.
The orc warrior hits you with a war axe!
You die...

#.# #..## #.#
#####..#
#.###...##.#
#.#.##..†#.#
##.#.##.....# #
#######..#.##._...#
.
.......†.#.##....##
#
########.#.##...##
#.##ao@S##
#.#######
##########.#
##..........#
...########## ####


You could see an orc warrior, a worker ant and a friendly ball python.

Vanquished Creatures
  Pikel (D:4)
  Grinder (D:3)
  Eustachio (D:4)
  An orc warrior (D:6)
  A slave (D:4)
  An ogre (D:6)
  2 scorpions
  A howler monkey (D:5)
  A crimson imp (D:5)
  A hound (D:6)
  An orc wizard (D:5)
  5 worker ants
  Robin (D:4)
  A hound skeleton (D:4)
  2 worker ant zombies (D:5)
  5 adders
  A river rat (Sewer)
  An adder zombie (D:5)
  2 worms (D:3)
  3 giant geckos
  7 orcs
  7 giant cockroaches
  14 goblins
  7 hobgoblins
  4 jackals
  A quokka (D:5)
  5 ball pythons
  5 bats
  17 giant newts
  7 kobolds
  14 rats
121 creatures vanquished.

Vanquished Creatures (collateral kills)
  2 sky beasts (D:6)
  A jackal (D:6)
3 creatures vanquished.

Vanquished Creatures (others)
  A hound (D:4)
  A goblin (D:4)
  A hobgoblin (D:4)
3 creatures vanquished.

Grand Total: 127 creatures vanquished

Notes
Turn   | Place    | Note
--------------------------------------------------------------
     0 | D:1      | namelastname112 the Draconian Transmuter began the quest for the Orb.
     0 | D:1      | Reached XP level 1. HP: 16/16 MP: 3/3
   120 | D:1      | Reached XP level 2. HP: 7/23 MP: 5/5
   355 | D:1      | Learned a level 2 spell: Sticks to Snakes
  1182 | D:2      | Reached XP level 3. HP: 28/28 MP: 6/6
  1248 | D:2      | Found a shadowy altar of Dithmenos.
  1731 | D:3      | Reached skill level 4 in Unarmed Combat
  1747 | D:3      | Found a glowing drain.
  1751 | Sewer    | Entered a sewer
  1910 | Sewer    | Reached XP level 4. HP: 8/35 MP: 7/7
  2246 | D:3      | Noticed Grinder
  2312 | D:3      | Paralysed by Grinder for 4 turns
  2342 | D:3      | Paralysed by Grinder for 3 turns
  2345 | D:3      | Killed Grinder
  2345 | D:3      | Reached skill level 5 in Unarmed Combat
  2345 | D:3      | Reached XP level 5. HP: 17/40 MP: 1/8
  2391 | D:3      | namelastname112: эпичные битвы
  2391 | D:3      | namelastname112: на третьем этаже
  2473 | D:3      | You fall through a shaft for 2 floors!
  2473 | D:5      | Entered Level 5 of the Dungeon
  2751 | D:5      | Reached XP level 6. HP: 47/47 MP: 9/9
  2791 | D:5      | Got a shimmering war axe
  2923 | D:4      | Noticed a slave
  2925 | D:4      | Noticed a slave
  2926 | D:4      | Noticed Pikel
  2929 | D:4      | Noticed a slave
  2936 | D:4      | Noticed a slave
  2952 | D:4      | Killed a slave
  2957 | D:4      | Noticed Eustachio
  3185 | D:4      | Reached skill level 6 in Unarmed Combat
  3299 | D:4      | Killed Eustachio
  3299 | D:4      | Your scales start taking on a rich purple colour.
  3299 | D:4      | Reached XP level 7. HP: 44/52 MP: 0/10
  3361 | D:4      | Noticed Robin
  3370 | D:4      | Killed Pikel
  3370 | D:4      | Reached skill level 8 in Unarmed Combat
  3386 | D:4      | Found a deep blue altar of Sif Muna.
  3406 | D:4      | HP: 2/52 [hobgoblin/club[Robin] (3)]
  3413 | D:4      | Killed Robin
  3471 | D:4      | Found a stormy altar of Qazlal.
  3487 | D:4      | Reached XP level 8. HP: 59/59 MP: 11/11
  3603 | D:4      | Found a glowing silver altar of Zin.
  3677 | D:5      | Reached skill level 9 in Unarmed Combat
  4189 | D:6      | Found a glowing golden altar of the Shining One.
  4201 | D:6      | Found a staircase to the Ecumenical Temple.
  4210 | Temple   | Entered the Ecumenical Temple
  4239 | Temple   | Became a worshipper of Cheibriados the Contemplative
  4335 | D:6      | Reached skill level 10 in Unarmed Combat
  4342 | D:6      | Gained mutation: Your muscles are strong. (Str +2) [mutagenic meat]
  4343 | D:6      | Gained mutation: You are frail (-10% HP). [mutagenic meat]
  4344 | D:6      | Gained mutation: You have large cloven feet. [mutagenic meat]
  4345 | D:6      | Gained mutation: You are resistant to hostile enchantments. [mutagenic meat]
  4346 | D:6      | Gained mutation: Scrolls take you a little longer to read. [mutagenic meat]
  4752 | D:6      | Found a blossoming altar of Fedhas.
  4920 | D:6      | Found a bloodstained altar of Trog.
  5034 | D:6      | Mangled by an orc warrior

Vault maps used:
D:1:      saegor_arrival_simple_e
D:2:      first_bread, nicolae_dithmenos_through_a_glass_darkly
D:3:      gup_sewer_entry_bowl, uniq_grinder
D:4:      kennysheep_little_box, grunt_temple_overflow_open, uniq_pikel,
          uniq_eustachio, uniq_robin
D:6:      marbit_many_paths, lemuel_crystal_altar,
          minmay_temple_entry_statues_fountains, trog_butcher_becter
Temple:   nicolae_temple_great_sept
Sewer:    sewer_co_cracked_pipes

Skill      XL: |  1  2  3  4  5  6  7  8 |
---------------+-------------------------+-----
Unarmed Combat | 4 5 6 8 10 | 10.6
Transmutations | 3 4 |  4.4
Fighting       | |  1.1
Dodging        | |  1.7
Spellcasting   | |  2.4

Action                   |  1- 3 |  4- 6 |  7- 9 || total
-------------------------+-------+-------+-------++-------
Melee: Unarmed           |    78 |       |    34 ||   112
       Dagger            |   118 |   127 |   215 ||   460
 Cast: Sticks to Snakes  |       |     9 |    10 ||    19
       Beastly Appendage |       |       |     1 ||     1
 Abil: Breathe Dispellin |       |       |     3 ||     3
  Use: Potion            |       |     5 |     3 ||     8
 Stab: Sleeping          |     1 |       |       ||     1
  Eat: Chunk             |     3 |     1 |     8 ||    12
       Meat ration       |       |     1 |       ||     1
       Bread ration      |       |       |     1 ||     1
